 Dungeon Crawl Stone Soup version 0.21.1-1-g345015f (webtiles) character file.

78 xccam the Slasher (level 4, -1/38 HPs)
             Began as a Draconian Monk on Mar 25, 2018.
             Killed from afar by Natasha (5 damage)
             ... with a magic dart
             ... on level 3 of the Dungeon.
             The game lasted 00:03:06 (1816 turns).

xccam the Slasher (Draconian Monk)                  Turns: 1816, Time: 00:03:07

Health: -1/38      AC:  5    Str: 12    XL:     4   Next: 15%
Magic:  4/4        EV: 13    Int: 14    God:
Gold:   86         SH:  0    Dex: 14    Spells: 3/3 levels left

rFire    . . .     SeeInvis +   a - +1 falchion
rCold    . . .     Gourm    .   (no shield)
rNeg     . . .     Faith    .   (armour unavailable)
rPois    .         Spirit   .   (helmet restricted)
rElec    .         Reflect  .   (no cloak)
rCorr    .         Harm     .   (no gloves)
MR       +....                  (no boots)
Stlth    +++.......             (no amulet)
HPRegen  0.12/turn              g - +4 ring of intelligence
MPRegen  0.09/turn              l - ring of stealth

@: no status effects
A: unfitting armour, see invisible, magic resistance 1, weak 1, cold-blooded,
MP-powered wands, AC +5
a: no special abilities


You were on level 3 of the Dungeon.
You were not hungry.

You visited 1 branch of the dungeon, and saw 3 of its levels.

You collected 86 gold pieces.

Inventory:

Hand Weapons
 a - a +1 falchion (weapon)
Jewellery
 g - a +4 ring of intelligence (left hand)
 l - a ring of stealth (right hand)
Scrolls
 c - a scroll of magic mapping {unknown}
 d - 2 scrolls of teleportation
 h - a scroll of noise {unknown}
 i - a scroll of immolation {unknown}
Potions
 k - a potion of ambrosia
 n - a potion of cancellation
Comestibles
 b - 5 rations
 m - 3 chunks of flesh


   Skills:
 - Level 3.2 Fighting
 + Level 5.0 Long Blades
 - Level 2.6 Dodging
 - Level 1.7 Stealth


You had 3 spell levels left.
You didn't know any spells.

Dungeon Overview and Level Annotations

Branches:
Dungeon (3/15)

Altars:
Hepliaklqana
Makhleb
Qazlal

Annotations:
D:3 Natasha; RitorJet's ghost, amateur FoFi


Innate Abilities, Weirdness & Mutations

Your plain brown scales are hard. (AC +5)
You cannot fit into any form of body armour.
You are cold-blooded and may be slowed by cold attacks.
You have supernaturally acute eyesight. (SInv)
You are resistant to hostile enchantments. (MR+)
You are weak. (Str -2)
You expend magic power (3 MP) to strengthen your wands.


Message History

You catch the helpless worm completely off-guard!
You slash the worm!
The worm is heavily wounded.
Natasha hisses angrily.
You barely miss the worm.
The worm is heavily wounded.
Natasha claws you.
* * * LOW HITPOINT WARNING * * *
The worm closely misses you.
You hit the worm but do no damage.
The worm is moderately wounded.
Natasha claws you!
* * * LOW HITPOINT WARNING * * *
The worm closely misses you.
You riposte.
You hit the worm but do no damage.
The worm is moderately wounded.
You hit Natasha.
Natasha is moderately wounded.
Natasha casts a spell at you. The magic dart hits you!
You die...

...............
....)..)...#..#
.####.###..##.#######
.............)......#
#####....<.###.####.#
...........# ..#
#####......# #.##
........####..##.#..#
#....#####....@.......
......# #.###wh#.#..#
###....# ##.# ###....#
.. g......# ...
......?## #..#
..).(...# #.# #W...$#
.# #.....#


You could see a worm and Natasha.

Vanquished Creatures
  2 adders (D:2)
  An ooze (D:1)
  An adder zombie (D:1)
  A worm (D:2)
  A dart slug (D:2)
  A leopard gecko (D:1)
  A ball python (D:1)
  8 bats
  A bat zombie (D:1)
  4 giant cockroaches
  5 goblins
  5 hobgoblins
  A jackal (D:3)
  10 frilled lizards
  5 kobolds
  2 rats (D:1)
49 creatures vanquished.

Notes
Turn   | Place    | Note
-------+----------+-------------------------------------------
     0 | D:1      | xccam the Draconian Monk began the quest for the Orb.
     0 | D:1      | Reached XP level 1. HP: 19/19 MP: 1/1
   158 | D:1      | Reached XP level 2. HP: 26/26 MP: 2/2
   281 | D:1      | Reached skill level 4 in Long Blades
   631 | D:1      | Reached XP level 3. HP: 29/31 MP: 3/3
  1681 | D:2      | Reached XP level 4. HP: 22/38 MP: 4/4
  1698 | D:2      | Found a stormy altar of Qazlal.
  1698 | D:2      | Found a hazy altar of Hepliaklqana.
  1699 | D:2      | Found a burning altar of Makhleb.
  1763 | D:3      | Reached skill level 5 in Long Blades
  1777 | D:3      | Noticed RitorJet's ghost (amateur FoFi)
  1801 | D:3      | Noticed Natasha
  1807 | D:3      | Gained mutation: You are weak. (Str -2) [potion of mutation]
  1807 | D:3      | Gained mutation: You expend magic power (3 MP) to strengthen your wands. [potion of mutation]
  1807 | D:3      | Gained mutation: You are resistant to hostile enchantments. (MR+) [potion of mutation]
  1807 | D:3      | Gained mutation: You have supernaturally acute eyesight. (SInv) [potion of mutation]
  1816 | D:3      | Killed from afar by Natasha

Skill      XL: |  1  2  3  4 |
---------------+-------------+-----
Long Blades    | 4 5 |  5.0
Fighting       | |  3.2
Dodging        | |  2.6
Stealth        | |  1.7

Action                   |  1- 3 |  4- 6 || total
-------------------------+-------+-------++-------
Melee: Falchion          |    94 |    19 ||   113
       Tailslap          |    13 |     3 ||    16
  Use: Scroll            |       |     7 ||     7
       Potion            |       |     1 ||     1
 Stab: Sleeping          |     5 |     1 ||     6
       Distracted        |       |     1 ||     1
  Eat: Chunk             |     2 |     1 ||     3
Armor: Skin              |    29 |     8 ||    37
Dodge: Dodged            |    60 |    18 ||    78
       Rpst.: Falchion   |    25 |    10 ||    35
